 Dungeon Crawl Stone Soup version 0.30-b1-2-g02819fbbbe (webtiles) character file.

Game seed: 14573035391393956423

6 Goratra1 the Trooper (level 1, 20/20 HPs)
             Began as a Hill Orc Cinder Acolyte on June 19, 2023.
             Was an Elder of Ignis.
             Quit the game on level 1 of the Dungeon.
             The game lasted 00:02:06 (80 turns).

Goratra1 the Trooper (Hill Orc Cinder Acolyte)        Turns: 80, Time: 00:02:06

Health: 20/20      AC:  9    Str: 16    XL:     1   Next: 90%
Magic:  2/2        EV: 11    Int: 14    God:    Ignis [****..]
Gold:   0          SH:  0    Dex:  6    Spells: 2/2 levels left

rFire   + . .        a - -1 falchion (flame)
rCold   . . .        (no shield)
rNeg    . . .        b - +0 robe
rPois   .            (no helmet)
rElec   .            (no cloak)
rCorr   .            (no gloves)
SInv    .            (no boots)
Will    .....        (no amulet)
Stlth   +            (no ring)
HPRegen 0.23/turn    (no ring)
MPRegen 0.08/turn

%: no passive effects
@: fiery-armoured
A: no striking features
a: Renounce Religion, Fiery Armour, Foxfire Swarm, Rising Flame


You were on level 1 of the Dungeon.
You worshipped Ignis.
Ignis was greatly pleased with you.
You visited 1 branch of the dungeon, and saw 1 of its levels.

Inventory:

Hand Weapons
 a - a -1 falchion of flaming (weapon)
Armour
 b - a +0 robe (worn)
Jewellery
 d - a ring of resist corrosion
Scrolls
 c - a scroll of magic mapping {unknown}
 e - a scroll of teleportation {unknown}


   Skills:
 + Level 4.0 Fighting
 + Level 3.2 Long Blades
 + Level 1.0 Spellcasting
 + Level 3.4 Fire Magic


You had 2 spell levels left.
You didn't know any spells.
Your spell library contained the following spells:

 Spells                   Type           Power      Damage    Failure   Level
 Scorch                   Fire           20%        2d6       10%         2


Dungeon Overview and Level Annotations

Branches:
Dungeon (1/15)

Altars:


Message History

You kill the hobgoblin!
You see here a hobgoblin corpse.
An endoplasm comes into view.
Found a scroll labelled CONWAMMEUTA.
The endoplasm moves out of view.
Found 3 gold pieces.
Found a mace.
Activating: Foxfire Swarm
Press: ? - help, Dir - look around, f - activate Flames leap up around you!
The foxfire hits the endoplasm.
The endoplasm is almost dead.
Unknown command.
The foxfire hits the endoplasm.
You kill the endoplasm!
Your foxfire dissipates! x7
c - a scroll labelled CONWAMMEUTA
d - a ring of resist corrosion A bat comes into view.
Found a scroll labelled RUCHIU TACEVI.
The bat barely misses you. The bat hits you but does no damage.
The bat is burned by your cloak of flames.
You kill the bat!
e - a scroll labelled RUCHIU TACEVI A ball python comes into view.
The ball python hisses angrily.
A bat comes into view.
The ball python misses you. The ball python grabs you.
The ball python is burned by your cloak of flames.
You kill the ball python!
The bat barely misses you. The bat closely misses you.
You closely miss the bat. The bat barely misses you.
The bat hits you but does no damage.
The bat is burned by your cloak of flames.
You kill the bat!
Your Fighting skill increases to level 4!
A giant cockroach comes into view.
A giant cockroach is nearby!
Unknown command.
Unknown command.
Are you sure you want to abandon this character and quit the game? (Confirm with "yes".)

###########
##..........
#.......#### ###
#..##.##..## ..###
#.##...##....
#...######.#..#.@#.###
###..†..##.#.#)#.#.#
..#####.......#....
.....###...#.#$#.#.#
..#### #...#..#..#..##
### ##..##...## ..#
##..##.##....B
##.......# ##.
#...†.###


You could see a giant cockroach.

Vanquished Creatures
  A ball python (D:1)
  An endoplasm (D:1)
  A hobgoblin (D:1)
  2 bats (D:1)
5 creatures vanquished.

Vanquished Creatures (others)
  29 foxfires (D:1)
29 creatures vanquished.

Grand Total: 34 creatures vanquished

Notes
Turn   | Place    | Note
-------+----------+-------------------------------------------
     0 | D:1      | Goratra1 the Hill Orc Cinder Acolyte began the quest for
                  | the Orb.
     0 | D:1      | Reached XP level 1. HP: 19/19 MP: 2/2
    67 | D:1      | Reached skill level 4 in Fighting
    80 | D:1      | Quit the game

Illustrated notes

Levels and vault maps discovered:
D:1:      dpeg_arrival_rhombus, layout_loops_ring, serial_shops,
          nicolae_shop_pleasant_corner_grove, minmay_box_of_dots

Skill      XL: |  1 |
---------------+----+-----
Fighting       | 4 |  4.0
Long Blades    | |  3.2
Spellcasting   | |  1.0
Fire Magic     | |  3.4

Action                     || total
---------------------------++-------
  Melee: Falchion          ||     2
 Invoke: Foxfire Swarm     ||     3
         Fiery Armour      ||     1
 Armour: Robe              ||     3
  Dodge: Dodged            ||     5
